 Dungeon Crawl Stone Soup version 0.29-a0-775-g4d7333d4e2 (webtiles) character file.

Game seed: 2623434766587664528

12 Anon1729 the Charlatan (level 2, 0/16 HPs)
             Began as a Kobold Artificer on July 1, 2022.
             Succumbed to an adder's poison
             ... on level 2 of the Dungeon.
             The game lasted 00:00:44 (1665 turns).

Anon1729 the Charlatan (Kobold Artificer)           Turns: 1665, Time: 00:00:44

Health: 0/16       AC:  3    Str:  9    XL:     2   Next: 45%
Magic:  2/2        EV: 14    Int: 12    God:
Gold:   61         SH:  0    Dex: 15    Spells: 1/1 levels left

rFire   . . .      SeeInvis .   a - +0 club
rCold   . . .      Faith    .   (no shield)
rNeg    . . .      Spirit   .   b - +0 leather armour
rPois   .          Reflect  .   (no helmet)
rElec   .          Harm     .   (no cloak)
rCorr   .          Rampage  .   (no gloves)
Will    .....                   (no boots)
Stlth   +++.......              (no amulet)
HPRegen 0.05/turn               (no ring)
MPRegen 0.08/turn               (no ring)

@: lethally poisoned (0 -> -8)
A: small, no large weapons, nightstalker 3
a: no special abilities


You were on level 2 of the Dungeon.
You visited 1 branch of the dungeon, and saw 2 of its levels.

You collected 61 gold pieces.

Inventory:

Hand Weapons
 a - a +0 club (weapon)
Missiles
 h - a throwing net
Armour
 b - a +0 leather armour (worn)
Wands
 c - a wand of flame (10) (quivered)
 d - a wand of charming (15)
 e - a wand of iceblast (9)
Scrolls
 f - a scroll of identify {unknown}
Potions
 g - a potion of cancellation {unknown}


   Skills:
 + Level 1.2 Fighting
 * Level 0.6 Staves
 + Level 1.0 Armour
 + Level 2.6 Dodging
 + Level 1.6 Stealth
 * Level 3.9 Evocations


You had one spell level left.
You didn't know any spells.
Your spell library contained the following spells:

 Spells                   Type           Power      Damage    Failure   Level
 Summon Small Mammal      Summ           0%         N/A       41%         1
 Animate Armour           Summ/Erth      0%         N/A       99%         4
 Borgnjor's Vile Clutch   Necr/Erth      0%         N/A       100%        5
 Lee's Rapid Deconstruct  Erth           0%         3d5*      100%        5
 Iron Shot                Conj/Erth      0%         9d1       100%        6


Dungeon Overview and Level Annotations

Branches:
Dungeon (2/15)

Altars:

Shops:
D:1 [


Innate Abilities, Weirdness & Mutations

You are small and have problems with some larger weapons.
You are completely attuned to the shadows.


Message History

You are no longer poisoned.
The adder bites you but does no damage.
Aiming: Throw Flame
Press: ? - help, Q - select action, (/) - cycle Shift-Dir - straight line, f/p - adder
Aim: an adder (heavily wounded, 53% to hit)
The puff of flame misses the adder.
The adder misses you.
Aiming: Throw Flame
Press: ? - help, Q - select action, (/) - cycle Shift-Dir - straight line, f/p - adder
Aim: an adder (heavily wounded, 53% to hit)
The puff of flame hits the adder.
The adder is almost dead.
The adder closely misses you. The adder barely misses you.
Aiming: Throw Flame
Press: ? - help, Q - select action, (/) - cycle Shift-Dir - straight line, f/p - adder
Aim: an adder (almost dead, 53% to hit)
The puff of flame misses the adder.
The adder bites you but does no damage.
You closely miss the adder.
The adder is almost dead.
The adder bites you but does no damage. The adder closely misses you.
You miss the adder.
The adder is almost dead.
The adder bites you.
You barely miss the adder.
The adder is almost dead.
The adder closely misses you. The adder barely misses you.
You miss the adder.
The adder is almost dead.
The adder bites you.
* * * LOW HITPOINT WARNING * * *
You are lethally poisoned!
The adder poisons you! The adder bites you.
* * * LOW HITPOINT WARNING * * *
Aiming: Throw Flame
Press: ? - help, Q - select action, (/) - cycle Shift-Dir - straight line, f/p - adder
Aim: an adder (almost dead, 53% to hit)
The puff of flame hits the adder!
You kill the adder!
You die...

#<# #.# #.#.##.#
##.#..#.# ......#.#
#.. ......#.# #..
........# #?#
.....#..# #.#
.....#..# #@#
.....##.# #.#
#.....##.# #.#
##........# #.#
.....#....# #.#
.....#....# #.#
........#.## #.#
.....##.#..###'######
#######.#............


There were no monsters in sight!

Vanquished Creatures
  An adder (D:2)
  A dart slug (D:1)
  An endoplasm (D:1)
  2 goblins (D:1)
  A kobold (D:1)
  A quokka (D:2)
  A ball python (D:1)
  2 bats (D:1)
  2 rats (D:1)
12 creatures vanquished.

Notes
Turn   | Place    | Note
-------+----------+-------------------------------------------
     0 | D:1      | Anon1729 the Kobold Artificer began the quest for the Orb.
     0 | D:1      | Reached XP level 1. HP: 12/12 MP: 1/1
   354 | D:1      | Reached XP level 2. HP: 13/16 MP: 2/2
   445 | D:1      | Got Zutup's Disquisition on the Rocks
   884 | D:1      | Found Tolyamips's Antique Armour Shoppe.
  1004 | D:1      | Found a faded altar of an unknown god.
  1010 | D:1      | Got Plato's Papyrus of Summoning
  1512 | D:2      | Reached skill level 1 in Armour
  1665 | D:2      | Succumbed to an adder's poison

Illustrated notes

Levels and vault maps discovered:
D:1:      evilmike_arrival_crescent, layout_loops_corners,
          shapermc_ecumenical_altar_rom_forum, serial_shops, shop_statue,
          hangedman_decor_riveting, minmay_misc_feat_secret_circle, st_stairs_7
D:2:      cheibrodos_greedy_goblins, layout_basic, basic_altar, uniq_jessica,
          uniq_natasha

Skill      XL: |  1  2 |
---------------+-------+-----
Armour         | 1 |  1.0
Fighting       | |  1.2
Staves         | |  0.6
Dodging        | |  2.6
Stealth        | |  1.6
Evocations     | |  3.9

Action                   || total
-------------------------++-------
Melee: Club              ||    70
Evoke: Wand              ||     5
 Stab: Sleeping          ||    10
Armor: Leather armour    ||    20
Dodge: Dodged            ||    53

Table legend: (Time is in decaauts)
 A = Elapsed time spent in this place.
 B = Non-inter-level travel time spent in this place.
 C = Inter-level travel time spent in this place.
 D = Time resting spent in this place.
 E = Time spent auto-exploring this place.
 F = Levels seen in this place.
 G = Mean time per level.
                   A        B        C        D        E       F      G
               +--------+--------+--------+--------+--------+-----+--------+
         Total |   1687 |   1683 |      4 |      0 |   1522 |   2 |  843.5 |
       Dungeon |   1687 |   1683 |      4 |      0 |   1522 |   2 |  843.5 |
               +--------+--------+--------+--------+--------+-----+--------+

Top non-repeatable levels by time:
     D:1: 1480 daAuts
     D:2: 207 daAuts
